AoeStats
← Oscar robles176

Arena

509802354Analyzed
4v4 RM · 3d ago on Sep 28, 2026· 56m 53s· 8 players
Game mode
Random Map
Map size
Large (8 player)
Population
200
Speed
Normal
Resources
Standard
Victory
Conquest
Starting age
Dark Age
Ending age
Imperial Age
RankedLock teamsTeams togetherTeam positionsShared explorationLock speedFull tech treeHidden civsTurbo modeCheats
Victory
Defeat
🇺🇸 Franks · United States
915
+17
🇮🇳 Bohemians · India
905
+17
🇲🇽 Franks · Mexico
866
+19
🇨🇴 Hindustanis · Colombia
668
+26
🇺🇸 Cumans · United States
973
-22
🇺🇸 Bohemians · United States
971
-22
🇺🇸 Magyars · United States
905
-19
🇺🇸 Celts · United States
838
-16
SYNC
0:27 Loom
13:21 Feudal Age
14:24 Double-Bit Axe
16:08 Horse Collar
22:45 Castle Age
23:14 Padded Archer Armor
31:02 Chemistry
32:35 Leather Archer Armor
34:46 Ballistics
46:00 Wheelbarrow
46:08 Wheelbarrow
45:58 Bow Saw
45:50 Heavy Plow
48:43 Hand Cart
aegilello
2:25 Loom
10:48 Feudal Age
16:32 Castle Age
15:44 Scale Barding Armor
18:01 Wheelbarrow
26:05 Fletching
26:28 Forging
26:54 Stone Mining
26:59 Gold Mining
31:51 Double-Bit Axe
39:24 Imperial Age
38:00 Hand Cart
37:32 Town Watch
39:18 Murder Holes
39:04 Treadmill Crane
39:26 Murder Holes
39:43 Fortified Wall
39:54 Ballistics
41:30 Cavalier
42:12 Husbandry
43:19 Bow Saw
44:02 Iron Casting
43:48 Chain Barding Armor
45:46 Blast Furnace
45:27 Gold Shaft Mining
44:56 Squires
44:42 Arson
45:17 Paladin
48:35 Plate Barding Armor
48:07 Scale Mail Armor
49:05 Conscription
49:21 Hoardings
48:48 Chivalry
52:36 Chemistry
Balardroch
0:38 Loom
10:41 Feudal Age
19:44 Castle Age
19:57 Town Watch
24:49 Arson
25:42 Squires
26:11 Forging
26:01 Scale Mail Armor
30:46 Wheelbarrow
32:30 Double-Bit Axe
34:52 Iron Casting
37:33 Horse Collar
41:13 Imperial Age
39:14 Gold Mining
39:18 Stone Mining
40:33 Heavy Plow
40:47 Bow Saw
41:56 Fortified Wall
41:44 Murder Holes
45:43 Pikeman
50:31 Blast Furnace
53:27 Chain Mail Armor
55:40 Ballistics
57:52 Chemistry
Oscar robles176
12:31 Feudal Age
16:45 Castle Age
14:58 Double-Bit Axe
18:16 Bow Saw
20:49 Wheelbarrow
23:49 Gold Mining
25:14 Scale Barding Armor
25:20 Forging
26:03 Husbandry
26:41 Chain Barding Armor
28:04 Gold Shaft Mining
27:19 Stone Mining
28:22 Iron Casting
29:39 Pikeman
33:04 Imperial Age
30:40 Fletching
33:31 Cavalier
35:02 Plate Barding Armor
35:28 Blast Furnace
37:05 Scale Mail Armor
36:30 Halberdier
37:11 Squires
36:56 Gambesons
36:57 Arson
38:34 Chain Mail Armor
39:12 Hand Cart
38:35 Paladin
39:44 Hand Cart
40:21 Chivalry
40:42 Conscription
45:17 Plate Mail Armor
46:23 Light Cavalry
im just gettin lucky
11:00 Feudal Age
11:50 Double-Bit Axe
11:50 Horse Collar
18:01 Castle Age
18:52 Bow Saw
18:43 Heavy Plow
22:56 Stone Mining
26:13 Thumb Ring
29:21 Scale Barding Armor
31:04 Chain Barding Armor
34:05 Imperial Age
34:24 Husbandry
34:35 Bloodlines
34:43 Elite Magyar Huszar
34:59 Light Cavalry
36:53 Conscription
37:11 Plate Barding Armor
36:44 Hussar
38:07 Wheelbarrow
37:18 Loom
44:48 Chemistry
46:24 Hand Cart
Helot_boy_Xeones
11:58 Feudal Age
10:13 Loom
10:40 Loom
12:26 Feudal Age
10:44 Loom
13:46 Double-Bit Axe
16:21 Castle Age
14:29 Town Watch
15:14 Horse Collar
15:50 Gold Mining
17:07 Heavy Plow
17:45 Bow Saw
21:36 Stone Mining
22:42 Scale Barding Armor
27:16 Town Watch
28:08 Wheelbarrow
27:53 Bloodlines
27:56 Forging
27:31 Capped Ram
32:41 Chain Barding Armor
34:31 Iron Casting
36:40 Town Patrol
36:59 Hand Cart
41:27 Imperial Age
38:41 Light Cavalry
42:53 Masonry
42:42 Murder Holes
43:59 Crop Rotation
44:29 Two-Man Saw
44:22 Gold Shaft Mining
43:35 Hussar
44:16 Cavalier
45:33 Plate Barding Armor
45:57 Paladin
47:56 Blast Furnace
46:47 Fletching
48:20 Conscription
48:04 Steppe Husbandry
47:26 Elite Kipchak
49:05 Bodkin Arrow
49:10 Padded Archer Armor
52:39 Leather Archer Armor
53:45 Coinage
53:25 Guilds
54:53 Thumb Ring
55:16 Parthian Tactics
55:38 Pikeman
56:18 Squires
57:09 Ring Archer Armor
DUck
12:50 Feudal Age
11:06 Loom
17:51 Castle Age
17:34 Forging
17:29 Horse Collar
25:01 Double-Bit Axe
27:17 Iron Casting
26:43 Scale Mail Armor
35:06 Wheelbarrow
36:11 Gold Mining
36:11 Stone Mining
37:18 Murder Holes
37:35 Fortified Wall
37:36 Masonry
39:04 Heavy Plow
39:28 Chain Mail Armor
43:05 Imperial Age
40:28 Pikeman
44:02 Halberdier
46:55 Elite Woad Raider
50:49 Blast Furnace
50:19 Plate Mail Armor
krook
10:57 Feudal Age
11:35 Horse Collar
11:42 Double-Bit Axe
17:35 Castle Age
21:26 Fletching
34:43 Heavy Plow
47:56 Wheelbarrow
50:03 Squires
50:49 Scale Mail Armor
50:59 Forging
51:34 Pikeman
58:12 Imperial Age
56:32 Chain Mail Armor
Connection lost

Rejoining the realm…

Still unreachable

The connection could not be restored.

Session expired

The server has moved on; the page needs a fresh start.